Senateurs vs Hurricanes

Created - 23 février 2022 at 17:32

Goals
1 2 3 T
Senateurs 1 2 0 3
Hurricanes 2 2 1 5
Shots
1 2 3 T
Senateurs 9 16 9 34
Hurricanes 10 9 6 25

GoalsPenalties
1st period
1. Senateurs , Nathan MacKinnon 27 (Jacob Trouba 21, Patrick Kane 51) at 1:35
2. Hurricanes , Danton Heinen 6 (Darren Helm 13, Victor Rask 13) at 4:47
3. Hurricanes , Chris Wagner 6 (Quinn Hughes 39, Neal Pionk 23) at 6:42
Ryan Murray (CAR) for Roughing (Minor) at 10:50
Markus Nutivaara (CAR) for High sticking (Minor) at 13:26
2nd period
4. Senateurs , Nathan MacKinnon 28 (Mika Zibanejad 42) at 6:06
5. Hurricanes , Chris Wagner 7 (Neal Pionk 24, Quinn Hughes 40) at 13:50
6. Hurricanes , Nikita Gusev 12 (Moritz Seider 7, Josh Bailey 22) at 16:22
7. Senateurs , Brandon Tanev 9 (Jacob Trouba 22) at 17:05
Zach Bogosian (CAR) for Hooking (Minor) at 0:54
3rd period
8. Hurricanes , Josh Bailey 19 (Quinn Hughes 41, Brian Boyle 13) at 19:57 (Empty Net)
Nikita Gusev (CAR) for Hooking (Minor) at 2:36
Brayden McNabb (OTT) for Roughing (Minor) at 7:02
Zach Bogosian (CAR) for Hooking (Minor) at 9:21
Goalie Stats
Brian Elliott (OTT), 20 saves from 24 shots - (0,833), L, 9-8-2, 58:49 minutes
Alex Stalock (CAR), 31 saves from 34 shots - (0,912), W, 4-10-1, 60:00 minutes
3 StarsOfficial
1 - Chris Wagner (CAR)
2 - Neal Pionk (CAR)
3 - Josh Bailey (CAR)
Referees : Kendrick Nicholson and Brad Meier
Linesman : Derek Nansen and Mike Cvik
Game Note
Josh Bailey has scored in a empty net!



Team Name Goals Shots Shots Attemp Shots Blocked PIM HIT PP PK FO%
Senateurs 3348062170 / 5 (0%)062%
Hurricanes 52546410260 / 1 (0%)038%

Senateurs
Player Name POS G A P +/- PIM HIT SHT SB MP PP MP PP SHT PK MP PK SHT FO% FOT
Adam LowryC0000013114:250:0001:15050% 2
Adam PelechD000-2000116:470:0000:5300% 0
Brandon MontourD000-2010121:525:0301:0000% 0
Brandon TanevLW/RW1010012014:250:0001:1500% 1
Brayden McNabbD000-1220116:170:0000:0000% 0
Brent BurnsD0001003021:574:5211:0600% 0
Filip HronekD000-2022121:375:0320:0600% 0
Jacob TroubaD0222040116:370:0000:5300% 0
Jake GuentzelLW000-1043018:114:3820:0000% 1
Mathew BarzalC000-1003018:114:3800:00054% 24
Michael BuntingLW/RW000000006:080:0000:000100% 1
Mika ZibanejadC011-1002020:325:1710:00069% 32
Nate ThompsonC/LW000000106:080:0000:00075% 4
Nathan MacKinnonC/RW202-10010020:325:1710:0000% 2
Nikolaj EhlersLW/RW000-1013018:114:3800:00050% 2
Patrick KaneRW011-1002020:325:1700:000100% 3
Paul ByronC/LW/RW000001006:520:0000:4400% 0
Scott LaughtonC/LW0000000018:464:5200:44064% 14
Hurricanes
Player Name POS G A P +/- PIM HIT SHT SB MP PP MP PP SHT PK MP PK SHT FO% FOT
Alexis LafreniereLW000-2002011:310:0000:0000% 2
Andrew CoglianoC/LW0001022012:310:0000:00042% 12
Andrew ShawC/LW/RW0001021012:310:0000:0000% 1
Brian BoyleC/LW0112030018:050:5404:52050% 2
Chris WagnerC/LW/RW2021025013:000:0000:2900% 2
Curtis LazarC/RW000-2011011:310:0000:0000% 1
Danton HeinenC/LW/RW1011002012:501:0500:0000% 0
Darren HelmC/LW0111061117:531:0505:03050% 2
Josh BaileyC/LW/RW1122003018:050:5404:52146% 24
Leo KomarovC/LW/RW000-2001013:031:0500:27029% 14
Markus NutivaaraD000-1220120:171:0503:3700% 0
Moritz SeiderD0112001015:040:0001:3900% 0
Neal PionkD0221061124:390:5404:4000% 0
Nikita GusevLW/RW1012201017:190:5404:07013% 8
Quinn HughesD0331012025:020:5415:0300% 0
Ryan MurrayD000-1201121:031:0504:2300% 0
Victor RaskC0111000011:450:0000:00056% 18
Zach BogosianD0002411013:510:0000:2800% 0

Senateurs

5 vs 5 Forward
Line #Left WingCenterRight WingPHYDFOFWanted %Time %Time Play
1Patrick KaneMika ZibanejadNathan MacKinnon0143231%15:00
2Adam LowryScott LaughtonBrandon Tanev1312828%13:10
3Jake GuentzelMathew BarzalNikolaj Ehlers0232828%13:33
4Michael BuntingNate ThompsonPaul Byron0321213%6:08
5 vs 5 Defense
Line #DefenseDefensePHYDFOFWanted %Time %Time Play
1Jacob TroubaBrent Burns0323332%15:33
2Adam PelechBrandon Montour0413233%15:49
3Brayden McNabbFilip Hronek0413134%16:18
4Brent BurnsJacob Trouba02340%0:11
Power Play Forward
Line #Left WingCenterRight WingPHYDFOFWanted %Time %Time Play
1Patrick KaneMika ZibanejadNathan MacKinnon0055753%5:17
2Nikolaj EhlersMathew BarzalJake Guentzel0054347%4:38
Power Play Defense
Line #DefenseDefensePHYDFOFWanted %Time %Time Play
1Brent BurnsScott Laughton0145049%4:52
2Filip HronekBrandon Montour0145051%5:03
Penalty Kill 4 Players Forward
Line #CenterWingPHYDFOFWanted %Time %Time Play
1Adam LowryBrandon Tanev1405563%1:15
2Scott LaughtonPaul Byron1404537%0:44
Penalty Kill 4 Players Defense
Line #DefenseDefensePHYDFOFWanted %Time %Time Play
1Adam PelechJacob Trouba1405045%0:53
2Brayden McNabbBrent Burns1405055%1:06
Penalty Kill 3 Players
Line #WingPHYDFOFWanted %Time %Time PlayDefenseDefensePHYDFOFWanted %Time %Time Play
1Adam Lowry140500%0:00 Adam PelechJacob Trouba140500%0:00
2Mika Zibanejad140500%0:00 Brayden McNabbBrent Burns140500%0:00
4 vs 4 Forward
Line #CenterWingPHYDFOFWanted %Time %Time Play
1Mika ZibanejadNathan MacKinnon014550%0:00
2Mathew BarzalPatrick Kane014450%0:00
4 vs 4 Defense
Line #DefensePHYDFOFWanted %Time %Time Play
1Brent BurnsJacob Trouba041500%0:00
2Filip HronekBrandon Montour041500%0:00
Last Minutes Offensive
Left WingCenterRight WingDefenseDefense
Patrick KaneMika ZibanejadNathan MacKinnonBrent BurnsFilip Hronek
Last Minutes Defensive
Left WingCenterRight WingDefenseDefense
Brandon TanevAdam LowryScott LaughtonBrayden McNabbJacob Trouba
Time
Total ForwardTotal DefenseLast Minutes OffensiveLast Minutes Defensive
60:00 60:00 0:150:00
Extra Forwards
Normal PowerPlayPenalty Kill
Nikolaj Ehlers, Brandon Tanev, Jake GuentzelMathew Barzal, Nathan MacKinnonBrandon Tanev
Extra Defensemen
Normal PowerPlayPenalty Kill
Adam Pelech, Filip Hronek, Brandon MontourJacob Trouba, Brandon MontourFilip Hronek
Penalty Shots
Patrick Kane, Mathew Barzal, Nathan MacKinnon, Mika Zibanejad, Jake Guentzel
Goalie
Brian Elliott, Jacob Markstrom
Custom OT Lines Forwards
Mika Zibanejad, Nathan MacKinnon, Mathew Barzal, Patrick Kane, Jake Guentzel, Nikolaj Ehlers, Adam Lowry, Scott Laughton, Brandon Tanev, Michael Bunting
Custom OT Lines Defensemen
Brent Burns, Jacob Trouba, Brandon Montour, Filip Hronek, Adam Pelech
Scratches
Matt Benning (Healthy), Jayce Hawryluk (Healthy)

Hurricanes

5 vs 5 Forward
Line #Left WingCenterRight WingPHYDFOFWanted %Time %Time Play
1Brian BoyleJosh BaileyNikita Gusev2122625%12:09
2Danton HeinenVictor RaskDarren Helm1222525%11:45
3Chris WagnerAndrew CoglianoAndrew Shaw2212526%12:31
4Alexis LafreniereLeo KomarovCurtis Lazar5002424%11:31
5 vs 5 Defense
Line #DefenseDefensePHYDFOFWanted %Time %Time Play
1Neal PionkQuinn Hughes1223027%13:10
2Ryan MurrayMarkus Nutivaara1223033%15:36
3Zach BogosianMoritz Seider1222428%13:25
4Neal PionkQuinn Hughes1221612%5:45
Power Play Forward
Line #Left WingCenterRight WingPHYDFOFWanted %Time %Time Play
1Brian BoyleJosh BaileyNikita Gusev1225045%0:54
2Danton HeinenLeo KomarovDarren Helm1225055%1:05
Power Play Defense
Line #DefenseDefensePHYDFOFWanted %Time %Time Play
1Neal PionkQuinn Hughes1225045%0:54
2Ryan MurrayMarkus Nutivaara1225055%1:05
Penalty Kill 4 Players Forward
Line #CenterWingPHYDFOFWanted %Time %Time Play
1Josh BaileyBrian Boyle1225049%4:52
2Nikita GusevDarren Helm1225051%5:03
Penalty Kill 4 Players Defense
Line #DefenseDefensePHYDFOFWanted %Time %Time Play
1Neal PionkQuinn Hughes1225047%4:40
2Ryan MurrayMarkus Nutivaara1225053%5:15
Penalty Kill 3 Players
Line #WingPHYDFOFWanted %Time %Time PlayDefenseDefensePHYDFOFWanted %Time %Time Play
1Josh Bailey122500%0:00 Neal PionkQuinn Hughes122500%0:00
2Brian Boyle122500%0:00 Ryan MurrayMarkus Nutivaara122500%0:00
4 vs 4 Forward
Line #CenterWingPHYDFOFWanted %Time %Time Play
1Josh BaileyBrian Boyle122500%0:00
2Nikita GusevDarren Helm122500%0:00
4 vs 4 Defense
Line #DefensePHYDFOFWanted %Time %Time Play
1Neal PionkQuinn Hughes122500%0:00
2Ryan MurrayMarkus Nutivaara122500%0:00
Last Minutes Offensive
Left WingCenterRight WingDefenseDefense
Brian BoyleJosh BaileyNikita GusevNeal PionkQuinn Hughes
Last Minutes Defensive
Left WingCenterRight WingDefenseDefense
Brian BoyleJosh BaileyNikita GusevNeal PionkQuinn Hughes
Time
Total ForwardTotal DefenseLast Minutes OffensiveLast Minutes Defensive
60:00 60:00 0:000:10
Extra Forwards
Normal PowerPlayPenalty Kill
Darren Helm, Andrew Cogliano, Chris WagnerDarren Helm, Andrew CoglianoChris Wagner
Extra Defensemen
Normal PowerPlayPenalty Kill
Zach Bogosian, Moritz Seider, Ryan MurrayZach Bogosian, Moritz SeiderRyan Murray
Penalty Shots
Josh Bailey, Brian Boyle, Nikita Gusev, Darren Helm, Leo Komarov
Goalie
Alex Stalock, Joonas Korpisalo
Custom OT Lines Forwards
Josh Bailey, Brian Boyle, Nikita Gusev, Danton Heinen, Leo Komarov, Darren Helm, Andrew Cogliano, Chris Wagner, Curtis Lazar, Andrew Shaw
Custom OT Lines Defensemen
Neal Pionk, Quinn Hughes, Ryan Murray, Markus Nutivaara, Zach Bogosian
Scratches
Kyle Rau (Healthy), Sonny Milano (Healthy), Cory Schneider (Healthy)


Play-by-Play

1st period


0:01 of 1st period - Mika Zibanejad wins face-off versus Josh Bailey in neutral zone.
0:06 of 1st period - Shot by Nathan MacKinnon.
0:06 of 1st period - Shot Misses the Net.
0:08 of 1st period - Shot by Brent Burns.
0:08 of 1st period - Stopped by Alex Stalock without a rebound.
0:09 of 1st period - Adam Lowry wins face-off versus Victor Rask in Hurricanes zone.
0:46 of 1st period - Off-side.
0:47 of 1st period - Mathew Barzal wins face-off versus Andrew Cogliano in neutral zone.
0:54 of 1st period - Brayden McNabb is hit by Chris Wagner and loses puck.
1:23 of 1st period - Shot by Mathew Barzal.
1:23 of 1st period - Stopped by Alex Stalock without a rebound.
1:24 of 1st period - Mika Zibanejad wins face-off versus Leo Komarov in Hurricanes zone.
1:35 of 1st period - Shot by Nathan MacKinnon.
1:35 of 1st period - Goal by Nathan MacKinnon - Senateurs : 1 - Hurricanes : 0.
1:36 of 1st period - Nate Thompson wins face-off versus Josh Bailey in neutral zone.
1:49 of 1st period - Josh Bailey is hit by Paul Byron and loses puck.
2:02 of 1st period - Shot by Nate Thompson.
2:02 of 1st period - Stopped by Alex Stalock without a rebound.
2:03 of 1st period - Mika Zibanejad wins face-off versus Leo Komarov in Hurricanes zone.
2:14 of 1st period - Shot by Nathan MacKinnon.
2:14 of 1st period - Shot Misses the Net.
2:32 of 1st period - Shot by Ryan Murray.
2:32 of 1st period - Stopped by Brian Elliott without a rebound.
2:33 of 1st period - Mathew Barzal wins face-off versus Josh Bailey in Senateurs zone.
4:04 of 1st period - Icing by Adam Lowry.
4:05 of 1st period - Victor Rask wins face-off versus Brandon Tanev in Senateurs zone.
4:09 of 1st period - Icing by Jacob Trouba.
4:10 of 1st period - Scott Laughton wins face-off versus Victor Rask in Senateurs zone.
4:10 of 1st period - Scott Laughton is hit by Darren Helm.
4:21 of 1st period - Icing by Darren Helm.
4:22 of 1st period - Victor Rask wins face-off versus Nathan MacKinnon in Hurricanes zone.
4:31 of 1st period - Shot by Victor Rask.
4:31 of 1st period - Shot Misses the Net.
4:33 of 1st period - Shot by Victor Rask.
4:33 of 1st period - Shot Misses the Net.
4:47 of 1st period - Shot by Danton Heinen.
4:47 of 1st period - Goal by Danton Heinen - Senateurs : 1 - Hurricanes : 1.
4:48 of 1st period - Leo Komarov wins face-off versus Nate Thompson in neutral zone.
4:58 of 1st period - Icing by Ryan Murray.
4:59 of 1st period - Scott Laughton wins face-off versus Curtis Lazar in Hurricanes zone.
5:04 of 1st period - Shot by Scott Laughton.
5:04 of 1st period - Shot Blocked by Markus Nutivaara.
5:34 of 1st period - Shot by Alexis Lafreniere.
5:34 of 1st period - Shot Misses the Net.
5:36 of 1st period - Shot by Curtis Lazar.
5:36 of 1st period - Shot Misses the Net.
5:58 of 1st period - Shot by Andrew Cogliano.
5:58 of 1st period - Stopped by Brian Elliott without a rebound.
5:59 of 1st period - Victor Rask wins face-off versus Mika Zibanejad in Senateurs zone.
6:04 of 1st period - Shot by Victor Rask.
6:04 of 1st period - Shot Misses the Net.
6:11 of 1st period - Icing by Brandon Montour.
6:12 of 1st period - Andrew Cogliano wins face-off versus Mika Zibanejad in Senateurs zone.
6:42 of 1st period - Shot by Chris Wagner.
6:42 of 1st period - Goal by Chris Wagner - Senateurs : 1 - Hurricanes : 2.
6:43 of 1st period - Darren Helm wins face-off versus Mathew Barzal in neutral zone.
8:44 of 1st period - Shot by Josh Bailey.
8:44 of 1st period - Shot Misses the Net.
9:33 of 1st period - Shot by Alexis Lafreniere.
9:33 of 1st period - Stopped by Brian Elliott without a rebound.
9:34 of 1st period - Mathew Barzal wins face-off versus Leo Komarov in Senateurs zone.
10:09 of 1st period - Nikolaj Ehlers is hit by Markus Nutivaara and loses puck.
10:50 of 1st period - Minor Penalty to Ryan Murray for Roughing.
10:51 of 1st period - Josh Bailey wins face-off versus Mika Zibanejad in Hurricanes zone.
11:06 of 1st period - Shot by Nathan MacKinnon.
11:06 of 1st period - Shot Misses the Net.
11:08 of 1st period - Shot by Mika Zibanejad.
11:08 of 1st period - Stopped by Alex Stalock without a rebound.
11:09 of 1st period - Nikita Gusev wins face-off versus Nikolaj Ehlers in Hurricanes zone.
13:10 of 1st period - Shot by Andrew Shaw.
13:10 of 1st period - Stopped by Brian Elliott with a rebound.
13:12 of 1st period - Shot by Zach Bogosian.
13:12 of 1st period - Stopped by Brian Elliott without a rebound.
13:13 of 1st period - Scott Laughton wins face-off versus Leo Komarov in Senateurs zone.
13:26 of 1st period - Minor Penalty to Markus Nutivaara for High sticking.
13:27 of 1st period - Mathew Barzal wins face-off versus Nikita Gusev in Hurricanes zone.
13:28 of 1st period - Shot by Jake Guentzel.
13:28 of 1st period - Stopped by Alex Stalock without a rebound.
13:29 of 1st period - Mika Zibanejad wins face-off versus Nikita Gusev in Hurricanes zone.
13:38 of 1st period - Shot by Filip Hronek.
13:38 of 1st period - Stopped by Alex Stalock without a rebound.
13:39 of 1st period - Mika Zibanejad wins face-off versus Josh Bailey in Hurricanes zone.
14:14 of 1st period - Shot by Josh Bailey.
14:14 of 1st period - Stopped by Brian Elliott without a rebound.
14:15 of 1st period - Mathew Barzal wins face-off versus Josh Bailey in Senateurs zone.
14:17 of 1st period - Icing by Jake Guentzel.
14:18 of 1st period - Josh Bailey wins face-off versus Mathew Barzal in Senateurs zone.
15:55 of 1st period - Shot by Quinn Hughes.
15:55 of 1st period - Stopped by Brian Elliott without a rebound.
15:56 of 1st period - Mika Zibanejad wins face-off versus Leo Komarov in Senateurs zone.
16:15 of 1st period - Shot by Patrick Kane.
16:15 of 1st period - Deflect By Nathan MacKinnon.
16:15 of 1st period - Shot Misses the Net.
16:17 of 1st period - Shot by Mika Zibanejad.
16:17 of 1st period - Shot Misses the Net.
16:19 of 1st period - Shot by Nathan MacKinnon.
16:19 of 1st period - Stopped by Alex Stalock without a rebound.
16:20 of 1st period - Scott Laughton wins face-off versus Nikita Gusev in Hurricanes zone.
16:29 of 1st period - Shot by Scott Laughton.
16:29 of 1st period - Shot Misses the Net.
16:51 of 1st period - Josh Bailey is hit by Jacob Trouba and loses puck.
17:28 of 1st period - Patrick Kane is hit by Zach Bogosian and loses puck.
17:47 of 1st period - Shot by Nathan MacKinnon.
17:47 of 1st period - Stopped by Alex Stalock without a rebound.
17:48 of 1st period - Victor Rask wins face-off versus Mathew Barzal in Hurricanes zone.
17:53 of 1st period - Brandon Montour is hit by Darren Helm and loses puck.
17:59 of 1st period - Icing by Mathew Barzal.
18:00 of 1st period - Mathew Barzal wins face-off versus Andrew Cogliano in Senateurs zone.
18:05 of 1st period - Shot by Mathew Barzal.
18:05 of 1st period - Deflect By Jake Guentzel.
18:05 of 1st period - Shot Blocked by Neal Pionk.
18:17 of 1st period - Shot by Andrew Cogliano.
18:17 of 1st period - Shot Misses the Net.
18:19 of 1st period - Shot by Chris Wagner.
18:19 of 1st period - Stopped by Brian Elliott without a rebound.
18:20 of 1st period - Patrick Kane wins face-off versus Victor Rask in Senateurs zone.
18:39 of 1st period - Shot by Nathan MacKinnon.
18:39 of 1st period - Shot Misses the Net.
18:41 of 1st period - Shot by Patrick Kane.
18:41 of 1st period - Shot Misses the Net.
18:43 of 1st period - Shot by Mika Zibanejad.
18:43 of 1st period - Shot Misses the Net.
18:54 of 1st period - Victor Rask is hit by Filip Hronek.
Goals for this period are 1 for Senateurs vs 2 for Hurricanes.
Shots for this period are 9 for Senateurs vs 10 for Hurricanes.

2nd period


0:01 of 2nd period - Victor Rask wins face-off versus Mika Zibanejad in neutral zone.
0:24 of 2nd period - Shot by Patrick Kane.
0:24 of 2nd period - Stopped by Alex Stalock with a rebound.
0:35 of 2nd period - Icing by Brent Burns.
0:36 of 2nd period - Josh Bailey wins face-off versus Nathan MacKinnon in Senateurs zone.
0:51 of 2nd period - Shot by Nathan MacKinnon.
0:51 of 2nd period - Stopped by Alex Stalock with a rebound.
0:53 of 2nd period - Shot by Nathan MacKinnon.
0:53 of 2nd period - Shot Misses the Net.
0:54 of 2nd period - Minor Penalty to Zach Bogosian for Hooking.
0:55 of 2nd period - Mathew Barzal wins face-off versus Nikita Gusev in Hurricanes zone.
1:06 of 2nd period - Shot by Filip Hronek.
1:06 of 2nd period - Stopped by Alex Stalock without a rebound.
1:07 of 2nd period - Josh Bailey wins face-off versus Mathew Barzal in Hurricanes zone.
1:16 of 2nd period - Shot by Brandon Montour.
1:16 of 2nd period - Shot Blocked by Ryan Murray.
1:18 of 2nd period - Shot by Jake Guentzel.
1:18 of 2nd period - Stopped by Alex Stalock without a rebound.
1:19 of 2nd period - Mika Zibanejad wins face-off versus Nikita Gusev in Hurricanes zone.
2:00 of 2nd period - Icing by Mika Zibanejad.
2:01 of 2nd period - Patrick Kane wins face-off versus Darren Helm in Senateurs zone.
2:08 of 2nd period - Shot by Mika Zibanejad.
2:08 of 2nd period - Shot Misses the Net.
2:23 of 2nd period - Icing by Mika Zibanejad.
2:24 of 2nd period - Mika Zibanejad wins face-off versus Brian Boyle in Senateurs zone.
2:24 of 2nd period - Patrick Kane is hit by Brian Boyle and loses puck.
3:36 of 2nd period - Icing by Leo Komarov.
3:37 of 2nd period - Leo Komarov wins face-off versus Mathew Barzal in Hurricanes zone.
3:37 of 2nd period - Neal Pionk is hit by Jake Guentzel and loses puck.
3:51 of 2nd period - Quinn Hughes is hit by Brayden McNabb and loses puck.
4:06 of 2nd period - Brian Boyle is hit by Jake Guentzel and loses puck.
4:12 of 2nd period - Icing by Josh Bailey.
4:13 of 2nd period - Scott Laughton wins face-off versus Josh Bailey in Hurricanes zone.
4:23 of 2nd period - Nikita Gusev is hit by Jacob Trouba and loses puck.
4:39 of 2nd period - Off-side.
4:40 of 2nd period - Victor Rask wins face-off versus Mika Zibanejad in neutral zone.
4:56 of 2nd period - Icing by Mika Zibanejad.
4:57 of 2nd period - Mika Zibanejad wins face-off versus Chris Wagner in Senateurs zone.
5:06 of 2nd period - Shot by Mika Zibanejad.
5:06 of 2nd period - Shot Misses the Net.
5:08 of 2nd period - Shot by Brandon Montour.
5:08 of 2nd period - Shot Misses the Net.
5:28 of 2nd period - Shot by Chris Wagner.
5:28 of 2nd period - Stopped by Brian Elliott without a rebound.
5:29 of 2nd period - Victor Rask wins face-off versus Scott Laughton in Senateurs zone.
5:29 of 2nd period - Victor Rask is hit by Jacob Trouba.
5:52 of 2nd period - Shot by Brandon Tanev.
5:52 of 2nd period - Shot Hit the Post.
5:54 of 2nd period - Shot by Adam Lowry.
5:54 of 2nd period - Stopped by Alex Stalock without a rebound.
5:55 of 2nd period - Mathew Barzal wins face-off versus Josh Bailey in Hurricanes zone.
6:04 of 2nd period - Shot by Mathew Barzal.
6:04 of 2nd period - Stopped by Alex Stalock without a rebound.
6:05 of 2nd period - Mika Zibanejad wins face-off versus Alexis Lafreniere in Hurricanes zone.
6:06 of 2nd period - Shot by Nathan MacKinnon.
6:06 of 2nd period - Goal by Nathan MacKinnon - Senateurs : 2 - Hurricanes : 2.
6:07 of 2nd period - Scott Laughton wins face-off versus Andrew Cogliano in neutral zone.
6:18 of 2nd period - Brandon Tanev is hit by Andrew Shaw.
6:48 of 2nd period - Shot by Andrew Cogliano.
6:48 of 2nd period - Stopped by Brian Elliott without a rebound.
6:49 of 2nd period - Mathew Barzal wins face-off versus Josh Bailey in Senateurs zone.
7:12 of 2nd period - Shot by Nikolaj Ehlers.
7:12 of 2nd period - Shot Misses the Net.
7:18 of 2nd period - Shot by Nikita Gusev.
7:18 of 2nd period - Shot Blocked by Adam Pelech.
7:48 of 2nd period - Shot by Mika Zibanejad.
7:48 of 2nd period - Shot Misses the Net.
7:50 of 2nd period - Shot by Nathan MacKinnon.
7:50 of 2nd period - Shot Hit the Post.
7:52 of 2nd period - Shot by Jacob Trouba.
7:52 of 2nd period - Shot Misses the Net.
8:00 of 2nd period - Shot by Brent Burns.
8:00 of 2nd period - Shot Misses the Net.
8:02 of 2nd period - Shot by Nathan MacKinnon.
8:02 of 2nd period - Deflect By Mika Zibanejad.
8:02 of 2nd period - Stopped by Alex Stalock without a rebound.
8:03 of 2nd period - Victor Rask wins face-off versus Scott Laughton in Hurricanes zone.
8:03 of 2nd period - Darren Helm is hit by Adam Lowry and loses puck.
8:12 of 2nd period - Brandon Tanev is hit by Darren Helm and loses puck.
9:04 of 2nd period - Moritz Seider is hit by Brayden McNabb and loses puck.
9:21 of 2nd period - Shot by Leo Komarov.
9:21 of 2nd period - Shot Misses the Net.
9:23 of 2nd period - Shot by Curtis Lazar.
9:23 of 2nd period - Stopped by Brian Elliott without a rebound.
9:24 of 2nd period - Andrew Cogliano wins face-off versus Mika Zibanejad in Senateurs zone.
9:40 of 2nd period - Shot by Nathan MacKinnon.
9:40 of 2nd period - Stopped by Alex Stalock with a rebound.
9:47 of 2nd period - Icing by Nathan MacKinnon.
9:48 of 2nd period - Patrick Kane wins face-off versus Leo Komarov in Senateurs zone.
10:19 of 2nd period - Mika Zibanejad is hit by Curtis Lazar and loses puck.
11:37 of 2nd period - Shot by Danton Heinen.
11:37 of 2nd period - Shot Blocked by Filip Hronek.
12:31 of 2nd period - Shot by Chris Wagner.
12:31 of 2nd period - Stopped by Brian Elliott without a rebound.
12:32 of 2nd period - Josh Bailey wins face-off versus Mika Zibanejad in Senateurs zone.
13:11 of 2nd period - Shot by Nathan MacKinnon.
13:11 of 2nd period - Stopped by Alex Stalock with a rebound.
13:32 of 2nd period - Icing by Adam Pelech.
13:33 of 2nd period - Andrew Cogliano wins face-off versus Mathew Barzal in Senateurs zone.
13:48 of 2nd period - Shot by Chris Wagner.
13:48 of 2nd period - Shot Misses the Net.
13:50 of 2nd period - Shot by Chris Wagner.
13:50 of 2nd period - Goal by Chris Wagner - Senateurs : 2 - Hurricanes : 3.
13:51 of 2nd period - Nate Thompson wins face-off versus Victor Rask in neutral zone.
14:10 of 2nd period - Shot by Neal Pionk.
14:10 of 2nd period - Stopped by Brian Elliott without a rebound.
14:11 of 2nd period - Mathew Barzal wins face-off versus Andrew Cogliano in Senateurs zone.
14:11 of 2nd period - Mathew Barzal is hit by Andrew Cogliano.
14:29 of 2nd period - Shot by Moritz Seider.
14:29 of 2nd period - Stopped by Brian Elliott without a rebound.
14:30 of 2nd period - Mika Zibanejad wins face-off versus Victor Rask in Senateurs zone.
14:37 of 2nd period - Shot by Nathan MacKinnon.
14:37 of 2nd period - Stopped by Alex Stalock with a rebound.
14:39 of 2nd period - Shot by Mika Zibanejad.
14:39 of 2nd period - Shot Misses the Net.
14:45 of 2nd period - Shot by Mika Zibanejad.
14:45 of 2nd period - Shot Misses the Net.
15:54 of 2nd period - Shot by Nikolaj Ehlers.
15:54 of 2nd period - Stopped by Alex Stalock without a rebound.
15:55 of 2nd period - Josh Bailey wins face-off versus Scott Laughton in Hurricanes zone.
16:05 of 2nd period - Josh Bailey is hit by Filip Hronek and loses puck.
16:22 of 2nd period - Shot by Nikita Gusev.
16:22 of 2nd period - Goal by Nikita Gusev - Senateurs : 2 - Hurricanes : 4.
16:23 of 2nd period - Leo Komarov wins face-off versus Mathew Barzal in neutral zone.
16:39 of 2nd period - Quinn Hughes is hit by Nikolaj Ehlers and loses puck.
16:49 of 2nd period - Off-side.
16:50 of 2nd period - Andrew Cogliano wins face-off versus Scott Laughton in neutral zone.
16:58 of 2nd period - Ryan Murray is hit by Jacob Trouba and loses puck.
17:05 of 2nd period - Shot by Brandon Tanev.
17:05 of 2nd period - Goal by Brandon Tanev - Senateurs : 3 - Hurricanes : 4.
17:06 of 2nd period - Mika Zibanejad wins face-off versus Nikita Gusev in neutral zone.
17:40 of 2nd period - Shot by Patrick Kane.
17:40 of 2nd period - Shot Misses the Net.
17:42 of 2nd period - Shot by Mika Zibanejad.
17:42 of 2nd period - Shot Misses the Net.
17:46 of 2nd period - Shot by Patrick Kane.
17:46 of 2nd period - Shot Hit the Post.
18:04 of 2nd period - Shot by Mathew Barzal.
18:04 of 2nd period - Shot Misses the Net.
18:25 of 2nd period - Shot by Mathew Barzal.
18:25 of 2nd period - Stopped by Alex Stalock without a rebound.
18:26 of 2nd period - Andrew Cogliano wins face-off versus Scott Laughton in Hurricanes zone.
19:21 of 2nd period - Shot by Leo Komarov.
19:21 of 2nd period - Shot Blocked by Brayden McNabb.
19:29 of 2nd period - Shot by Leo Komarov.
19:29 of 2nd period - Stopped by Brian Elliott without a rebound.
19:30 of 2nd period - Victor Rask wins face-off versus Mathew Barzal in Senateurs zone.
19:33 of 2nd period - Shot by Danton Heinen.
19:33 of 2nd period - Shot Misses the Net.
19:53 of 2nd period - Shot by Nikolaj Ehlers.
19:53 of 2nd period - Stopped by Alex Stalock without a rebound.
19:54 of 2nd period - Mika Zibanejad wins face-off versus Leo Komarov in Hurricanes zone.
19:55 of 2nd period - Shot by Brent Burns.
19:55 of 2nd period - Stopped by Alex Stalock without a rebound.
19:56 of 2nd period - Mika Zibanejad wins face-off versus Alexis Lafreniere in Hurricanes zone.
19:56 of 2nd period - Nathan MacKinnon is hit by Neal Pionk and loses puck.
Goals for this period are 2 for Senateurs vs 2 for Hurricanes.
Shots for this period are 16 for Senateurs vs 9 for Hurricanes.

3rd period


0:01 of 3rd period - Victor Rask wins face-off versus Mika Zibanejad in neutral zone.
0:10 of 3rd period - Mika Zibanejad is hit by Darren Helm.
0:22 of 3rd period - Shot by Nathan MacKinnon.
0:22 of 3rd period - Deflect By Patrick Kane.
0:22 of 3rd period - Stopped by Alex Stalock without a rebound.
0:23 of 3rd period - Mathew Barzal wins face-off versus Leo Komarov in Hurricanes zone.
1:02 of 3rd period - Shot by Jake Guentzel.
1:02 of 3rd period - Stopped by Alex Stalock without a rebound.
1:03 of 3rd period - Mika Zibanejad wins face-off versus Andrew Cogliano in Hurricanes zone.
1:08 of 3rd period - Shot by Mika Zibanejad.
1:08 of 3rd period - Shot Misses the Net.
1:10 of 3rd period - Shot by Brent Burns.
1:10 of 3rd period - Shot Misses the Net.
1:38 of 3rd period - Mika Zibanejad is hit by Quinn Hughes and loses puck.
2:35 of 3rd period - Shot by Darren Helm.
2:35 of 3rd period - Stopped by Brian Elliott without a rebound.
2:36 of 3rd period - Mathew Barzal wins face-off versus Josh Bailey in Senateurs zone.
2:36 of 3rd period - Minor Penalty to Nikita Gusev for Hooking.
2:37 of 3rd period - Josh Bailey wins face-off versus Mathew Barzal in Hurricanes zone.
3:46 of 3rd period - Shot by Brent Burns.
3:46 of 3rd period - Shot Misses the Net.
3:52 of 3rd period - Shot by Nathan MacKinnon.
3:52 of 3rd period - Stopped by Alex Stalock without a rebound.
3:53 of 3rd period - Mika Zibanejad wins face-off versus Leo Komarov in Hurricanes zone.
3:54 of 3rd period - Shot by Brent Burns.
3:54 of 3rd period - Shot Blocked by Darren Helm.
3:56 of 3rd period - Shot by Scott Laughton.
3:56 of 3rd period - Deflect By Nathan MacKinnon.
3:56 of 3rd period - Shot Misses the Net.
4:04 of 3rd period - Shot by Brent Burns.
4:04 of 3rd period - Stopped by Alex Stalock without a rebound.
4:05 of 3rd period - Josh Bailey wins face-off versus Mathew Barzal in Hurricanes zone.
5:07 of 3rd period - Icing by Jacob Trouba.
5:08 of 3rd period - Nate Thompson wins face-off versus Josh Bailey in Senateurs zone.
5:08 of 3rd period - Nate Thompson is hit by Brian Boyle.
5:36 of 3rd period - Icing by Neal Pionk.
5:37 of 3rd period - Josh Bailey wins face-off versus Mathew Barzal in Hurricanes zone.
5:56 of 3rd period - Mathew Barzal is hit by Neal Pionk and loses puck.
6:01 of 3rd period - Shot by Mathew Barzal.
6:01 of 3rd period - Shot Misses the Net.
6:20 of 3rd period - Mathew Barzal is hit by Neal Pionk and loses puck.
6:28 of 3rd period - Icing by Quinn Hughes.
6:29 of 3rd period - Josh Bailey wins face-off versus Mika Zibanejad in Hurricanes zone.
6:31 of 3rd period - Icing by Neal Pionk.
6:32 of 3rd period - Mika Zibanejad wins face-off versus Josh Bailey in Hurricanes zone.
6:32 of 3rd period - Patrick Kane is hit by Neal Pionk and loses puck.
6:38 of 3rd period - Off-side.
6:39 of 3rd period - Mika Zibanejad wins face-off versus Victor Rask in neutral zone.
6:39 of 3rd period - Nathan MacKinnon is hit by Darren Helm and loses puck.
6:50 of 3rd period - Shot by Danton Heinen.
6:50 of 3rd period - Shot Misses the Net.
7:02 of 3rd period - Minor Penalty to Brayden McNabb for Roughing.
7:03 of 3rd period - Leo Komarov wins face-off versus Adam Lowry in Senateurs zone.
7:43 of 3rd period - Shot by Quinn Hughes.
7:43 of 3rd period - Shot Blocked by Adam Lowry.
7:49 of 3rd period - Shot by Nikita Gusev.
7:49 of 3rd period - Shot Blocked by Brandon Montour.
7:51 of 3rd period - Shot by Neal Pionk.
7:51 of 3rd period - Shot Misses the Net.
7:53 of 3rd period - Shot by Quinn Hughes.
7:53 of 3rd period - Shot Hit the Post.
7:55 of 3rd period - Shot by Quinn Hughes.
7:55 of 3rd period - Shot Misses the Net.
7:57 of 3rd period - Shot by Quinn Hughes.
7:57 of 3rd period - Stopped by Brian Elliott without a rebound.
7:58 of 3rd period - Scott Laughton wins face-off versus Josh Bailey in Senateurs zone.
9:03 of 3rd period - Shot by Danton Heinen.
9:03 of 3rd period - Stopped by Brian Elliott without a rebound.
9:04 of 3rd period - Mika Zibanejad wins face-off versus Chris Wagner in Senateurs zone.
9:04 of 3rd period - Mika Zibanejad is hit by Andrew Cogliano.
9:21 of 3rd period - Minor Penalty to Zach Bogosian for Hooking.
9:22 of 3rd period - Nikolaj Ehlers wins face-off versus Nikita Gusev in Hurricanes zone.
9:22 of 3rd period - Filip Hronek is hit by Neal Pionk and loses puck.
9:31 of 3rd period - Shot by Mathew Barzal.
9:31 of 3rd period - Shot Misses the Net.
9:39 of 3rd period - Shot by Nikolaj Ehlers.
9:39 of 3rd period - Shot Misses the Net.
9:47 of 3rd period - Shot by Jake Guentzel.
9:47 of 3rd period - Shot Misses the Net.
9:49 of 3rd period - Shot by Nikolaj Ehlers.
9:49 of 3rd period - Shot Misses the Net.
11:27 of 3rd period - Nate Thompson is hit by Andrew Shaw and loses puck.
12:24 of 3rd period - Alexis Lafreniere is hit by Brandon Montour and loses puck.
12:28 of 3rd period - Icing by Brandon Montour.
12:29 of 3rd period - Michael Bunting wins face-off versus Josh Bailey in Senateurs zone.
12:29 of 3rd period - Michael Bunting is hit by Brian Boyle.
12:42 of 3rd period - Icing by Josh Bailey.
12:43 of 3rd period - Josh Bailey wins face-off versus Jake Guentzel in Hurricanes zone.
12:52 of 3rd period - Shot by Brian Boyle.
12:52 of 3rd period - Deflect By Josh Bailey.
12:52 of 3rd period - Stopped by Brian Elliott with a rebound.
13:02 of 3rd period - Josh Bailey is hit by Jake Guentzel.
13:26 of 3rd period - Josh Bailey is hit by Jake Guentzel and loses puck.
15:10 of 3rd period - Shot by Alexis Lafreniere.
15:10 of 3rd period - Shot Misses the Net.
15:12 of 3rd period - Shot by Zach Bogosian.
15:12 of 3rd period - Shot Blocked by Jacob Trouba.
15:18 of 3rd period - Shot by Alexis Lafreniere.
15:18 of 3rd period - Stopped by Brian Elliott without a rebound.
15:19 of 3rd period - Mika Zibanejad wins face-off versus Andrew Cogliano in Senateurs zone.
15:21 of 3rd period - Nathan MacKinnon is hit by Chris Wagner.
15:22 of 3rd period - Off-side.
15:23 of 3rd period - Mika Zibanejad wins face-off versus Andrew Cogliano in neutral zone.
15:48 of 3rd period - Nathan MacKinnon is hit by Markus Nutivaara and loses puck.
16:50 of 3rd period - Off-side.
16:51 of 3rd period - Scott Laughton wins face-off versus Leo Komarov in neutral zone.
16:58 of 3rd period - Alexis Lafreniere is hit by Brandon Tanev and loses puck.
17:30 of 3rd period - Shot by Adam Lowry.
17:30 of 3rd period - Shot Misses the Net.
17:54 of 3rd period - Shot by Jake Guentzel.
17:54 of 3rd period - Shot Misses the Net.
18:20 of 3rd period - Shot by Nikolaj Ehlers.
18:20 of 3rd period - Stopped by Alex Stalock without a rebound.
18:21 of 3rd period - Mika Zibanejad wins face-off versus Victor Rask in Hurricanes zone.
18:26 of 3rd period - Shot by Nathan MacKinnon.
18:26 of 3rd period - Shot Misses the Net.
18:39 of 3rd period - Mika Zibanejad is hit by Darren Helm and loses puck.
18:43 of 3rd period - Mika Zibanejad is hit by Neal Pionk and loses puck.
18:46 of 3rd period - Senateurs, Brian Elliott is pulled from the net.
18:54 of 3rd period - Shot by Nathan MacKinnon.
18:54 of 3rd period - Stopped by Alex Stalock without a rebound.
18:55 of 3rd period - Scott Laughton wins face-off versus Andrew Shaw in Hurricanes zone.
19:22 of 3rd period - Shot by Brandon Tanev.
19:22 of 3rd period - Stopped by Alex Stalock with a rebound.
19:24 of 3rd period - Shot by Adam Lowry.
19:24 of 3rd period - Shot Misses the Net.
19:28 of 3rd period - Shot by Adam Lowry.
19:28 of 3rd period - Stopped by Alex Stalock with a rebound.
19:30 of 3rd period - Shot by Brayden McNabb.
19:30 of 3rd period - Shot Misses the Net.
19:32 of 3rd period - Shot by Scott Laughton.
19:32 of 3rd period - Shot Misses the Net.
19:34 of 3rd period - Shot by Adam Lowry.
19:34 of 3rd period - Stopped by Alex Stalock with a rebound.
19:36 of 3rd period - Shot by Brandon Tanev.
19:36 of 3rd period - Shot Misses the Net.
19:38 of 3rd period - Shot by Brayden McNabb.
19:38 of 3rd period - Shot Misses the Net.
19:47 of 3rd period - Off-side.
19:48 of 3rd period - Brian Boyle wins face-off versus Mika Zibanejad in neutral zone.
19:57 of 3rd period - Shot by Josh Bailey.
19:57 of 3rd period - Goal by Josh Bailey - Senateurs : 3 - Hurricanes : 5.
19:57 of 3rd period - Brian Elliott from Senateurs was sent back in the game.
19:58 of 3rd period - Mathew Barzal wins face-off versus Victor Rask in neutral zone.
Goals for this period are 0 for Senateurs vs 1 for Hurricanes.
Shots for this period are 9 for Senateurs vs 6 for Hurricanes.